 Dungeon Crawl Stone Soup version 0.27.1-4-g1640c2035a (webtiles) character file.

Game seed: 14770310285530484620

2671 DearestLeader the Fighter (level 9, 0/64 (74) HPs)
             Began as a Gnoll Wanderer on Nov 15, 2021.
             Was a Follower of Okawaru.
             Slain by a two-headed ogre (24 damage)
             ... on level 8 of the Dungeon.
             The game lasted 00:17:29 (10342 turns).

DearestLeader the Fighter (Gnoll Wanderer)         Turns: 10342, Time: 00:17:29

HP:   0/64 (74)     AC: 11    Str: 14    XL:     9   Next: 63%
MP:   15/15         EV: 15    Int: 13    God:    Okawaru [*.....]
Gold: 79            SH:  0    Dex: 11    Spells: 16/16 levels left

rFire    . . .     SeeInvis .   g - +1 long sword
rCold    + . .     Faith    .   (no shield)
rNeg     . . .     Spirit   .   j - +3 leather armour {rC+}
rPois    .         Reflect  .   r - +0 helmet
rElec    .         Harm     .   v - +0 cloak
rCorr    .         Rampage  .   (no gloves)
Will     .....                  h - +0 pair of boots
Stlth    ++++......             (no amulet)
HPRegen  0.20/turn              (no ring)
MPRegen  0.14/turn              (no ring)

@: heroic, studying Staves, heavily drained
A: fangs 1, strong nose, distributed training
a: Renounce Religion, Heroism


You were on level 8 of the Dungeon.
You worshipped Okawaru.
Okawaru was aware of your devotion.
You visited 2 branches of the dungeon, and saw 9 of its levels.
You also visited: Sewer.

You collected 219 gold pieces.
You spent 140 gold pieces at shops.

Inventory:

Hand Weapons
 g - a +1 long sword (weapon)
 n - a +0 scimitar
 t - a +0 morningstar
Missiles
 e - 20 poisoned darts (quivered)
 k - a curare-tipped dart
 o - a throwing net
Armour
 c - a +0 troll leather armour {Purgy}
 d - a +2 leather armour
 h - a +0 pair of boots (worn)
 j - a +3 leather armour of cold resistance (worn)
 m - a +0 chain mail
 r - a +0 helmet (worn)
 v - a +0 cloak (worn)
Scrolls
 b - 2 scrolls of teleportation
 p - a scroll of immolation {unknown}
 s - a scroll of enchant weapon
 u - a scroll of enchant armour
Potions
 a - a potion of magic
 f - a potion of haste
 i - a potion of cancellation
 l - 4 potions of flight
 q - a potion of mutation
 w - a potion of berserk rage
 x - 2 potions of curing


   Skills:
 + Level 8.0(13.0) Fighting
 + Level 4.4(9.4) Short Blades
 + Level 5.2(10.2) Long Blades
 + Level 4.4(9.4) Axes
 + Level 4.4(9.4) Maces & Flails
 + Level 6.4(11.4) Polearms
 + Level 4.9(9.9) Staves
 + Level 4.4(9.4) Slings
 + Level 4.4(9.4) Bows
 + Level 4.4(9.4) Crossbows
 + Level 4.4(9.4) Throwing
 + Level 4.4(9.4) Armour
 + Level 6.4(11.4) Dodging
 + Level 5.1(10.1) Stealth
 + Level 5.2(10.2) Shields
 + Level 4.4(9.4) Unarmed Combat
 + Level 4.4 Spellcasting
 + Level 3.6 Conjurations
 + Level 3.6 Hexes
 + Level 3.6 Summonings
 + Level 3.6 Necromancy
 + Level 3.6 Translocations
 + Level 3.6 Transmutations
 + Level 3.6 Fire Magic
 + Level 3.6 Ice Magic
 + Level 3.6 Air Magic
 + Level 3.6 Earth Magic
 + Level 3.6 Poison Magic
 + Level 4.9 Invocations
 + Level 4.4 Evocations


You had 16 spell levels left.
You didn't know any spells.
Your spell library was empty.

Dungeon Overview and Level Annotations

Branches:
Dungeon (8/15)             Temple (1/1) D:6           Sewer (visited)
   Lair: D:8-11

Altars:
Fedhas
Gozag
Hepliaklqana
Kikubaaqudgha
Makhleb
Nemelex Xobeh
Okawaru
Qazlal
Ru
Sif Muna
Trog
Uskayaw
Vehumet
Wu Jian
Xom
Zin
The Shining One

Shops:
D:1 *

Annotations:
D:4 2 transporters, makewrite's ghost, amateur MiGl
D:7 Harold; Maggie


Innate Abilities, Weirdness & Mutations

You have very sharp teeth.
Your uncanny sense of smell can sniff out nearby items.
Your experience applies equally to all skills.


Message History

The wyvern is lightly wounded.
The wyvern closely misses you.
You riposte.
You hit the wyvern but do no damage. You hit the wyvern but do no damage.
Your bite misses the wyvern. The wyvern misses you.
You riposte.
You hit the wyvern but do no damage. You punch the wyvern, but do no damage.
The wyvern misses you.
You riposte.
You slash the wyvern!
The wyvern is heavily wounded.
You hit the wyvern.
The wyvern is severely wounded.
The wyvern barely misses you.
You hit the wyvern. You bite the wyvern, but do no damage.
The wyvern is severely wounded.
The wyvern closely misses you. The wyvern completely misses you.
You hit the wyvern.
The wyvern is almost dead.
The wyvern bites you but does no damage.
You slash the wyvern!
You kill the wyvern!
Okawaru accepts your kill.
Your base Fighting skill increases to level 8!
You hit the two-headed ogre.
The two-headed ogre is lightly wounded.
The two-headed ogre hits you with a +0 giant club!
The two-headed ogre misses you.
You hit the two-headed ogre but do no damage.
The two-headed ogre is lightly wounded.
You slash the two-headed ogre!
The two-headed ogre is moderately wounded.
The two-headed ogre hits you with a +0 giant club!
The two-headed ogre hits you with a +0 giant spiked club!
You completely miss the two-headed ogre.
The two-headed ogre is moderately wounded.
The two-headed ogre barely misses you. The two-headed ogre closely misses you.
You hit the two-headed ogre.
The two-headed ogre is moderately wounded.
You slash the two-headed ogre!
The two-headed ogre is heavily wounded.
The two-headed ogre hits you with a +0 giant club!!
You die...

### ∆ ..# #.#
#.#### #@#.. #
#O#.#
####.##.#.##
...........# #
#.##.##.#..###.##
.................
#.#####.#...##..
. ...#...# #
.#####.#...# .#


You could see a two-headed ogre.

Vanquished Creatures
  Sigmund (D:3)
  A wraith (D:5)
  A wyvern (D:8)
  2 water moccasins
  Duvessa (D:4)
  Purgy (D:3)
  A sky beast (D:6)
  A black bear (D:5)
  3 ogres
  2 centaurs (D:6)
  2 kobold brigands
  2 scorpions
  2 water moccasin skeletons
  Dowan (D:4)
  4 wights (D:6)
  3 hounds
  An orc priest (D:4)
  A jelly (D:6)
  Crazy Yiuf (D:7)
  A centaur zombie (D:5)
  An iguana (D:4)
  Natasha (thrice) (D:3)
  3 orc wizards
  2 killer bee zombies
  Robin (D:4)
  4 gnolls
  8 adders
  A river rat (Sewer)
  A shadow imp (D:6)
  An ufetubus (D:6)
  2 worms
  4 dart slugs
  9 orcs
  2 bats
  7 endoplasms
  2 giant cockroaches
  16 goblins
  7 hobgoblins
  6 jackals
  10 kobolds
  A quokka (D:4)
  5 ball pythons
  2 frilled lizards
  13 rats
143 creatures vanquished.

Notes
Turn   | Place    | Note
-------+----------+-------------------------------------------
     0 | D:1      | DearestLeader the Gnoll Wanderer began the quest for the
                  | Orb.
     0 | D:1      | DearestLeader set off with the following items: a +0
                  | dagger, a scroll of teleportation, a potion of
                  | lignification, a +2 leather armour
     0 | D:1      | Reached XP level 1. HP: 23/23 MP: 1/1
     8 | D:1      | Noticed a merfolk zombie
   297 | D:1      | Reached XP level 2. HP: 21/29 MP: 2/2
   429 | D:1      | Found a faded altar of an unknown god.
   435 | D:1      | Found Kyunn's Assorted Antiques.
   923 | D:2      | Reached XP level 3. HP: 35/35 MP: 3/3
  1027 | D:2      | Reached skill level 1 in Invocations
  1086 | D:2      | Reached skill level 1 in Short Blades
  1086 | D:2      | Reached skill level 1 in Axes
  1086 | D:2      | Reached skill level 1 in Maces & Flails
  1086 | D:2      | Reached skill level 1 in Staves
  1086 | D:2      | Reached skill level 1 in Slings
  1086 | D:2      | Reached skill level 1 in Bows
  1086 | D:2      | Reached skill level 1 in Crossbows
  1086 | D:2      | Reached skill level 1 in Throwing
  1086 | D:2      | Reached skill level 1 in Armour
  1086 | D:2      | Reached skill level 1 in Unarmed Combat
  1086 | D:2      | Reached skill level 1 in Spellcasting
  1086 | D:2      | Reached skill level 1 in Evocations
  1086 | D:2      | Reached XP level 4. HP: 23/41 MP: 5/5
  1717 | D:2      | Reached skill level 1 in Conjurations
  1717 | D:2      | Reached skill level 1 in Hexes
  1717 | D:2      | Reached skill level 1 in Summonings
  1717 | D:2      | Reached skill level 1 in Necromancy
  1717 | D:2      | Reached skill level 1 in Translocations
  1717 | D:2      | Reached skill level 1 in Transmutations
  1717 | D:2      | Reached skill level 1 in Fire Magic
  1717 | D:2      | Reached skill level 1 in Ice Magic
  1717 | D:2      | Reached skill level 1 in Air Magic
  1717 | D:2      | Reached skill level 1 in Earth Magic
  1717 | D:2      | Reached skill level 1 in Poison Magic
  2112 | D:3      | Noticed Sigmund
  2259 | D:3      | Killed Sigmund
  2260 | D:3      | Reached XP level 5. HP: 32/47 MP: 5/7
  2260 | D:3      | Reached XP level 6. HP: 37/53 MP: 5/8
  2375 | D:3      | Noticed Purgy
  2400 | D:3      | Killed Purgy
  2401 | D:3      | Reached skill level 5 in Polearms
  2401 | D:3      | Reached skill level 5 in Dodging
  2902 | D:3      | Noticed Natasha
  2915 | D:3      | Killed Natasha
  3317 | D:4      | Noticed Duvessa
  3319 | D:4      | Noticed Dowan
  3392 | D:3      | Noticed Natasha
  3402 | D:3      | Killed Natasha
  3416 | D:3      | Noticed Natasha
  3438 | D:3      | Killed Natasha
  3474 | D:4      | Found a transporter.
  3489 | D:4      | Noticed makewrite's ghost (amateur MiGl)
  3494 | D:4      | Found a transporter.
  3500 | D:4      | Reached XP level 7. HP: 59/59 MP: 10/10
  3524 | D:4      | Reached skill level 7 in Fighting
  3764 | D:4      | Noticed Robin
  3819 | D:4      | Killed Robin
  4150 | D:4      | Killed Dowan
  4166 | D:5      | Entered Level 5 of the Dungeon
  4175 | D:5      | Found a glowing drain.
  4195 | Sewer    | Entered a sewer
  4344 | Sewer    | Found a white marble altar of Elyvilon.
  4595 | D:5      | Noticed a wraith
  4649 | D:5      | Killed a wraith
  4650 | D:5      | Reached XP level 8. HP: 28/67 MP: 12/12
  5367 | D:4      | Killed Duvessa
  6394 | D:6      | Found a staircase to the Ecumenical Temple.
  6529 | Temple   | Entered the Ecumenical Temple
  6632 | Temple   | Became a worshipper of Warmaster Okawaru
  7159 | D:5      | Reached XP level 9. HP: 37/72 MP: 14/14
  8001 | D:7      | Found a runed translucent door.
  8002 | D:7      | Noticed Crazy Yiuf
  8013 | D:7      | Killed Crazy Yiuf
  8245 | D:7      | Reached * piety under Okawaru
  8246 | D:7      | Reached skill level 5 in Long Blades
  8246 | D:7      | Reached skill level 5 in Shields
  8587 | D:7      | Noticed Maggie
  8776 | D:1      | Bought a murky golden potion for 16 gold pieces
  8776 | D:1      | Bought a yellow potion for 16 gold pieces
  8776 | D:1      | Bought a potion of curing for 54 gold pieces
  8776 | D:1      | Bought a potion of curing for 54 gold pieces
  9530 | D:6      | Reached skill level 5 in Stealth
  9761 | D:7      | Noticed Harold
 10307 | D:8      | Noticed a two-headed ogre
 10337 | D:8      | Reached skill level 8 in Fighting
 10342 | D:8      | Slain by a two-headed ogre

Illustrated notes

Levels and vault maps discovered:
D:1:      shiori_arrival_whats_in_store_for_you, layout_basic, serial_shops,
          nicolae_diamond_shop, ebering_ecumenical_altar_mist, dk_noncrumbling_3
D:2:      layout_loops_ring
D:3:      layout_basic, roderic_roman_lattice, uniq_sigmund, uniq_natasha,
          uniq_purgy
D:4:      layout_loops_ring, gammafunk_ghost_mausoleum, minmay_misc_feat_tiny,
          grunt_decor_junction, minivault_4, uniq_robin, uniq_duvessa
D:5:      layout_loops_corners, cheibrodos_sewer_entry_drain,
          minmay_fountain_box
D:6:      layout_loops_corners, minmay_temple_entry_mist, minmay_manual_mess
D:7:      layout_gridville, uniq_crazy_yiuf_cottage, uniq_harold, uniq_maggie
D:8:      layout_basic, gammafunk_temple_overflow_pools
Temple:   regret_index_temple_mists

Skill      XL: |  1  2  3  4  5  6  7  8  9 |
---------------+----------------------------+-----
Invocations    | 1 2 3 4 |  4.9
Short Blades   | 1 2 3 4 |  4.4
Axes           | 1 2 3 4 |  4.4
Maces & Flails | 1 2 3 4 |  4.4
Staves         | 1 2 3 4 |  4.9
Slings         | 1 2 3 4 |  4.4
Bows           | 1 2 3 4 |  4.4
Crossbows      | 1 2 3 4 |  4.4
Throwing       | 1 2 3 4 |  4.4
Armour         | 1 2 3 4 |  4.4
Unarmed Combat | 1 2 3 4 |  4.4
Spellcasting   | 1 2 3 4 |  4.4
Evocations     | 1 2 3 4 |  4.4
Conjurations   | 1 2 3 |  3.6
Hexes          | 1 2 3 |  3.6
Summonings     | 1 2 3 |  3.6
Necromancy     | 1 2 3 |  3.6
Translocations | 1 2 3 |  3.6
Transmutations | 1 2 3 |  3.6
Fire Magic     | 1 2 3 |  3.6
Ice Magic      | 1 2 3 |  3.6
Air Magic      | 1 2 3 |  3.6
Earth Magic    | 1 2 3 |  3.6
Poison Magic   | 1 2 3 |  3.6
Long Blades    | 3 4 5 |  5.2
Stealth        | 3 4 5 |  5.1
Shields        | 3 4 5 |  5.2
Polearms       | 5 6 |  6.4
Dodging        | 5 6 |  6.4
Fighting       | 7 8 |  8.0

Action                   |  1- 3 |  4- 6 |  7- 9 || total
-------------------------+-------+-------+-------++-------
Melee: Dagger            |    39 |       |       ||    39
       Bite              |    10 |    11 |    59 ||    80
       Long sword        |    50 |   126 |   471 ||   647
       Spear             |       |    23 |       ||    23
       Unarmed           |       |     2 |       ||     2
       Falchion          |       |       |    99 ||    99
       Punch             |       |       |     4 ||     4
Throw: Dart              |       |       |     2 ||     2
Invok: Heroism           |       |       |     1 ||     1
Evoke: Wand              |       |       |     1 ||     1
  Use: Scroll            |       |     3 |     8 ||    11
       Potion            |       |     1 |    10 ||    11
 Stab: Sleeping          |       |     1 |     2 ||     3
Armor: Ring mail         |    44 |    25 |       ||    69
       Skin              |       |    47 |       ||    47
       Troll leather arm |       |    10 |   111 ||   121
       Leather armour    |       |       |   100 ||   100
Dodge: Dodged            |    60 |    91 |   458 ||   609
       Rpst.: Long sword |    11 |    22 |   119 ||   152
       Falchion          |       |       |    17 ||    17
